 Dungeon Crawl Stone Soup version 0.22.0-38-g04b72b8c25 (webtiles) character file.

1765 RealIsaac the Cudgeler (level 9, -2/55 HPs)
             Began as a Gargoyle Fighter on Aug 29, 2018.
             Was a Believer of Trog.
             Slain by an orc warrior
             ... wielding a +0 war axe
              (18 damage)
             ... on level 6 of the Dungeon.
             The game lasted 00:34:09 (5899 turns).

RealIsaac the Cudgeler (Gargoyle Fighter)           Turns: 5899, Time: 00:34:09

Health: -2/55      AC: 14    Str: 23    XL:     9   Next: 7%
Magic:  9/9        EV:  8    Int:  9    God:    Trog [**....]
Gold:   280        SH: 10    Dex:  9    Spells: 8/8 levels left

rFire    . . .     SeeInvis .   K - +0 flail
rCold    . . .     Gourm    .   s - +0 shield
rNeg     + . .     Faith    .   J - +0 scale mail {MR+}
rPois    ∞         Spirit   .   (no helmet)
rElec    +         Reflect  .   (no cloak)
rCorr    .         Harm     +   (no gloves)
MR       +....                  (no boots)
Stlth    ..........             p - amulet of harm
HPRegen  0.18/turn              (no ring)
MPRegen  0.11/turn              (no ring)

@: no status effects
A: negative energy resistance 1, electricity resistance, unbreathing,
petrification resistance, rot immunity, AC +6
a: Berserk, Trog's Hand, Renounce Religion


You were on level 6 of the Dungeon.
You worshipped Trog.
Trog was pleased with you.
You were not hungry.

You visited 1 branch of the dungeon, and saw 6 of its levels.

You collected 280 gold pieces.

Inventory:

Hand Weapons
 d - a +0 flail
 e - a +0 spear
 i - a +0 falchion of holy wrath
 A - a +0 flail
 K - a +0 flail (weapon)
Missiles
 m - 46 sling bullets
Armour
 b - a +0 scale mail
 s - a +0 shield (worn)
 C - a +2 leather armour of cold resistance
 J - a +0 scale mail of magic resistance (worn)
Jewellery
 a - an uncursed ring of flight
 p - an amulet of harm (around neck)
 t - an uncursed amulet of regeneration
Wands
 y - a wand of scattershot (3)
 B - a wand of digging (22)
 F - a wand of acid (7)
 G - a wand of flame (32)
Scrolls
 h - a scroll of blinking {unknown}
 j - 5 scrolls of teleportation {unknown}
 k - 4 scrolls of remove curse
 n - a scroll of immolation {unknown}
 o - a scroll of fog {unknown}
 u - a scroll of fear {unknown}
 D - a scroll of amnesia {unknown}
Potions
 g - 2 potions of ambrosia {unknown}
 l - 2 potions of haste {unknown}
 r - 4 potions of curing {unknown}
 v - 4 potions of flight {unknown}
 x - a potion of cancellation {unknown}
 z - a potion of berserk rage {unknown}
 H - a potion of invisibility {unknown}
 I - a potion of lignification {unknown}
Comestibles
 c - 5 chunks of flesh
 f - 7 rations


   Skills:
 + Level 5.9 Fighting
 + Level 7.6 Maces & Flails
 + Level 5.9 Armour
 + Level 1.0 Dodging
 + Level 0.1 Stealth
 + Level 7.0 Shields


You had 8 spell levels left.
You didn't know any spells.
Your spell library was empty.

Dungeon Overview and Level Annotations

Branches:
Dungeon (6/15)
 Temple: D:4-7

Altars:
Dithmenos
Makhleb
Trog
Vehumet


Innate Abilities, Weirdness & Mutations

You are resistant to torment.
Your stone body is resilient. (AC +6)
You are immune to poison.
You resist negative energy. (rN+)
You are resistant to electric shocks. (rElec)
You can survive without breathing.
You are immune to petrification.
You are immune to rotting.


Message History

The orc warrior hits you with a war axe.
You block the orc's attack.
A giant cockroach comes into view.
The orc barely misses you. The orc closely misses you.
You closely miss the orc warrior.
The orc warrior is almost dead.
You block the orc warrior's attack. You block the orc's attack.
The orc closely misses you. The orc barely misses you.
You hit the orc warrior but do no damage.
The orc warrior is almost dead.
The orc hits you but does no damage. x2
The orc warrior hits you with a war axe!
The orc hits you with a flail. The orc hits you with a hand axe.
* * * LOW HITPOINT WARNING * * *
You hit the orc warrior but do no damage.
The orc warrior is almost dead.
The giant cockroach waves its antennae.
The orc barely misses you. You block the orc's attack.
The orc warrior hits you with a war axe!
You die...

##.#.....##.#
#.#.....##.#
#.#..(..##.#
##.......##.#
........##.#
#..##.....#
####.s......##
:.....oo....#
#...o@....#
#)#>oo....#
##......#
#......#
#......#
###.#### #.#
#.#


You could see an orc warrior, 4 orcs and a giant cockroach.

Vanquished Creatures
  Eustachio (D:4)
  Menkaure (D:4)
  An ice beast (D:5)
  3 phantoms
  An ogre (D:5)
  A bullfrog (D:4)
  2 jellies (D:5)
  A water moccasin skeleton (D:4)
  A howler monkey (D:4)
  3 crimson imps
  2 hounds (D:5)
  3 orc priests
  A centaur skeleton (D:5)
  An iguana (D:5)
  4 orc wizards
  Ijyb (D:4)
  5 worker ants
  A worker ant zombie (D:5)
  4 gnolls
  8 adders
  2 oozes (D:2)
  An adder skeleton (D:4)
  2 worms (D:3)
  5 dart slugs
  4 leopard geckos
  19 orcs
  3 ball pythons
  4 giant cockroaches
  13 goblins
  8 hobgoblins
  8 jackals
  8 kobolds
  A quokka (D:3)
  4 bats
  4 frilled lizards
  A leopard gecko skeleton (D:4)
  8 rats
140 creatures vanquished.

Notes
Turn   | Place    | Note
-------+----------+-------------------------------------------
     0 | D:1      | RealIsaac the Gargoyle Fighter began the quest for the Orb.
     0 | D:1      | Reached XP level 1. HP: 14/14 MP: 1/1
   133 | D:1      | Reached XP level 2. HP: 18/19 MP: 2/2
   223 | D:1      | Reached XP level 3. HP: 19/24 MP: 3/3
  1013 | D:2      | Reached XP level 4. HP: 29/29 MP: 4/4
  1495 | D:2      | Found a shadowy altar of Dithmenos.
  1771 | D:2      | Reached XP level 5. HP: 24/33 MP: 5/5
  2914 | D:3      | Reached XP level 6. HP: 33/39 MP: 6/6
  3001 | D:3      | Found a bloodstained altar of Trog.
  3015 | D:3      | Became a worshipper of Trog the Wrathful
  3088 | D:4      | Noticed a phantom
  3094 | D:4      | Noticed Menkaure
  3099 | D:4      | Killed Menkaure
  3117 | D:4      | Killed a phantom
  3117 | D:4      | Reached skill level 5 in Maces & Flails
  3117 | D:4      | Reached XP level 7. HP: 15/44 MP: 7/7
  3355 | D:4      | Found a radiant altar of Vehumet.
  3623 | D:4      | Noticed Eustachio
  3647 | D:4      | Killed Eustachio
  3957 | D:4      | Reached skill level 5 in Shields
  4091 | D:4      | Reached skill level 5 in Fighting
  4096 | D:4      | Reached * piety under Trog
  4114 | D:4      | Noticed Ijyb
  4124 | D:4      | Killed Ijyb
  4140 | D:4      | Reached XP level 8. HP: 49/49 MP: 8/8
  4167 | D:4      | Reached skill level 5 in Armour
  4430 | D:5      | Entered Level 5 of the Dungeon
  4704 | D:5      | Found a burning altar of Makhleb.
  5049 | D:5      | Reached skill level 1 in Dodging
  5376 | D:5      | Reached XP level 9. HP: 34/55 MP: 9/9
  5771 | D:5      | Reached ** piety under Trog
  5899 | D:6      | Slain by an orc warrior

Skill      XL: |  1  2  3  4  5  6  7  8 |
---------------+-------------------------+-----
Maces & Flails | 3 4 5 7 |  7.6
Fighting       | 4 5 |  5.9
Armour         | 4 5 |  5.9
Shields        | 4 5 7 |  7.0
Dodging        | 1 |  1.0
Stealth        | |  0.1

Action                   |  1- 3 |  4- 6 |  7- 9 || total
-------------------------+-------+-------+-------++-------
Melee: Flail             |   118 |   204 |   320 ||   642
  Use: Potion            |       |     1 |       ||     1
       Scroll            |       |       |     4 ||     4
  Eat: Chunk             |       |     8 |     6 ||    14
       Ration            |       |       |     1 ||     1
Armor: Scale mail        |    19 |       |     9 ||    28
       Plate armour      |   100 |   136 |   264 ||   500
Dodge: Dodged            |    28 |    31 |    95 ||   154
Block: Shield            |    71 |   116 |   195 ||   382
